 Dungeon Crawl Stone Soup version 0.31-a0-879-g1609e0ac53 (webtiles) character file.

Game seed: 8461899780407859252

345 arthad the Ruffian (level 6, 0/45 HPs)
             Began as a Djinni Shapeshifter on Oct 14, 2023.
             Slain by a gnoll bouda
             ... wielding a +0 whip
              (3 damage)
             ... on level 4 of the Dungeon.
             The game lasted 00:06:47 (2959 turns).

arthad the Ruffian (Djinni Shapeshifter)            Turns: 2959, Time: 00:06:48

Health: 0/45       AC:  8    Str: 13 (15) XL:     6   Next: 90%
Gold:   188        EV: 10    Int: 10 (11) God:
                   SH:  5    Dex: 17 (19)

rFire   + +          .
                       - Unarmed
rCold   . . .        j - +0 buckler
rNeg    . . .        b - +2 scale mail {rF+}
rPois   ∞            (helmet currently unavailable)
rElec   .            (cloak currently unavailable)
rCorr   .            (gloves currently unavailable)
SInv    .            (boots unavailable)
Will    .....        (no amulet)
Stlth   +            k - ring of ice
HPRegen 0.27/turn    w - +6 ring of dexterity
MPRegen 0.00/turn

%: infuse magic (-1 HP)
@: mighty, brilliant, beast-form, weakened, attractive, flying
A: beast (slay +2), flying, sickness immunity, fire resistance 2, cold
vulnerability 1, float, innate caster, HP casting, extra vitality 1
a: Begin Untransformation


You were on level 4 of the Dungeon.
You were a hulking beast.
You visited 1 branch of the dungeon, and saw 4 of its levels.

You collected 188 gold pieces.

Inventory:

Missiles
 v - 5 poisoned darts
Armour
 b - a +2 scale mail of fire resistance (worn)
 j - a +0 buckler (worn)
 p - an orb of wrath
 r - a +1 helmet
 s - a +2 leather armour of cold resistance
Jewellery
 k - a ring of ice (left hand)
 w - a +6 ring of dexterity (right hand)
Talismans
 c - a beast talisman (active)
 d - a flux talisman
Wands
 x - a wand of roots (10)
Scrolls
 e - 2 scrolls of enchant weapon {unknown}
 f - 2 scrolls of teleportation {unknown}
 g - 2 scrolls of identify {unknown}
 i - 3 scrolls of fear {unknown}
 l - a scroll of fog {unknown}
 o - a scroll of poison {unknown}
 t - a scroll of revelation {unknown}
 u - a scroll of immolation {unknown}
 y - a scroll of summoning {unknown}
Potions
 n - a potion of enlightenment
 q - 3 potions of degeneration


   Skills:
 * Level 2.8 Fighting
 * Level 3.7 Dodging
 + Level 1.4 Stealth
 * Level 2.1 Shields
 * Level 4.1 Unarmed Combat
 + Level 0.0 Spellcasting
 + Level 0.0 Conjurations
 + Level 0.0 Hexes
   Level 0.0 Charms
 + Level 0.0 Summonings
 + Level 0.0 Necromancy
 + Level 0.0 Translocations
 + Level 0.0 Transmutations
 + Level 0.0 Fire Magic
 + Level 0.0 Ice Magic
 + Level 0.0 Air Magic
 + Level 0.0 Earth Magic
 + Level 0.0 Poison Magic
 * Level 3.5 Shapeshifting


You knew the following spells:

 Your Spells              Type           Power      Damage    Failure   Level
a - Freeze                Ice            0%         1d3       95%         1
b - Passwall              Tmut/Erth      0%         N/A       99%         2
Your spell library was empty.

Dungeon Overview and Level Annotations

Branches:
Dungeon (4/15)
 Temple: D:4-7

Altars:
Zin
The Shining One


Innate Abilities, Weirdness & Mutations

You are a hulking beast.
Your limbs bulge with bestial killing power. (Slay +2)
You are flying.
You are immune to sickness and miasma.
You are immune to poison.
Your flesh is very heat resistant. (rF++)
You are vulnerable to cold. (rC-)
You float through the air rather than walking.
You learn spells naturally, not from books.
Your magical power is your life essence.
You have superior vitality. (+4 MHP)


Message History

You feel better.
The gnoll bouda utters an invocation to its god.
The gnoll bouda is healed somewhat.
You hit the gnoll bouda but do no damage.
The gnoll bouda is heavily wounded.
You hit the gnoll bouda but do no damage.
The gnoll bouda is heavily wounded.
The gnoll bouda gazes fiercely through you!
You feel your attacks grow feeble.
The gnoll bouda hits you with a +0 whip.
* * * LOW HITPOINT WARNING * * *
You hit the gnoll bouda.
The gnoll bouda is heavily wounded.
The gnoll bouda hits you with a +0 whip!
* * * LOW HITPOINT WARNING * * *
It was a potion of degeneration.
There was something very wrong with that liquid.
You feel weakened.
You feel dopey.
You feel clumsy.
The gnoll bouda hits you with a +0 whip.
* * * LOW HITPOINT WARNING * * *
It was a potion of cancellation.
Your magical effects are unravelling.
You feel magically purged.
Your attacks no longer feel as feeble.
Your enlightenment fades.
You block the gnoll bouda's attack.
It was a potion of brilliance.
You feel clever all of a sudden.
The gnoll bouda barks out a call to the hunt!
The gnoll picks up the pace!
It was a potion of might.
You feel very mighty all of a sudden. The gnoll bouda misses you.
It was a potion of attraction.
You feel attractive to monsters. The gnoll bouda barely misses you.
The gnoll bouda gazes fiercely through you!
You feel your attacks grow feeble.
The gnoll bouda attacks as it pursues you!
The gnoll bouda hits you with a +0 whip.
You die...

######## #......#
#......#### #......#...
##########......#...
#####........'......'...
.......h######^.....#...
.##.###g# ########...
..#..###)######### #...
.......gg#.......# ####
.>...............#
..#.#............# #
#.#.##.).....#
.....##)).....#
.....####)#######


You could see a gnoll bouda and 2 gnolls.

Vanquished Creatures
  A howler monkey (D:4)
  2 hounds (D:4)
  2 orc wizards (D:4)
  Terence (D:1)
  Natasha (D:2)
  Robin (D:2)
  A gnoll (D:4)
  2 adders (D:3)
  A white imp (D:3)
  3 dart slugs
  9 orcs
  6 ball pythons
  5 endoplasms
  2 giant cockroaches
  13 goblins
  11 hobgoblins
  3 quokkas
  4 bats
  2 frilled lizards (D:1)
  2 goblin skeletons (D:3)
  2 goblin zombies (D:3)
  A hobgoblin zombie (D:3)
  4 kobolds
  A kobold skeleton (D:3)
  2 kobold zombies (D:3)
  An orc skeleton (D:3)
  6 rats
89 creatures vanquished.

Notes
Turn   | Place    | Note
-------+----------+-------------------------------------------
     0 | D:1      | arthad the Djinni Shapeshifter began the quest for the Orb.
     0 | D:1      | Reached XP level 1. HP: 17/17 MP: 0/0
   188 | D:1      | Found a faded altar of an unknown god.
   194 | D:1      | Reached XP level 2. HP: 20/22 MP: 0/0
   510 | D:1      | Reached XP level 3. HP: 27/27 MP: 0/0
   510 | D:1      | Learned a level 1 spell: Freeze
   938 | D:2      | Noticed Terence
   960 | D:1      | Killed Terence
   962 | D:1      | Reached XP level 4. HP: 25/33 MP: 0/0
  1183 | D:2      | Noticed Robin
  1210 | D:2      | Killed Robin
  1296 | D:2      | Reached skill level 1 in Shields
  1642 | D:2      | Noticed Natasha
  1652 | D:2      | Killed Natasha
  1653 | D:2      | Reached XP level 5. HP: 23/38 MP: 0/0
  1653 | D:2      | Learned a level 2 spell: Passwall
  2160 | D:3      | Reached skill level 1 in Stealth
  2204 | D:3      | Found a glowing golden altar of the Shining One.
  2258 | D:3      | Found a glowing silver altar of Zin.
  2258 | D:3      | Noticed an angel
  2690 | D:4      | Reached XP level 6. HP: 41/45 MP: 0/0
  2868 | D:4      | Reached skill level 4 in Unarmed Combat
  2954 | D:4      | HP: 2/45 [gnoll bouda/+0 whip (3)]
  2959 | D:4      | Slain by a gnoll bouda

Illustrated notes

Levels and vault maps discovered:
D:1:      minmay_arrival_shoal_huts, layout_loops_corners,
          nicolae_ecumenical_snake_handling
D:2:      layout_basic, uniq_robin, uniq_terence, uniq_natasha
D:3:      layout_rooms, zin_angel, nicolae_tso_besieged_by_evil,
          minmay_quadrilaterals
D:4:      layout_basic, kennysheep_generic_room_16

Skill      XL: |  1  2  3  4  5  6 |
---------------+-------------------+-----
Shapeshifting  | 3 |  3.5
Fighting       | 2 |  2.8
Shields        | 1 2 |  2.1
Dodging        | 3 |  3.7
Stealth        | 1 |  1.4
Unarmed Combat | 4 |  4.1

Action                     |  1- 3 |  4- 6 || total
---------------------------+-------+-------++-------
  Melee: Unarmed           |    63 |   262 ||   325
    Use: Potion            |     2 |     7 ||     9
   Stab: Sleeping          |     1 |       ||     1
 Armour: Animal skin       |    31 |       ||    31
         Skin              |     3 |       ||     3
         Scale mail        |       |   199 ||   199
  Dodge: Dodged            |    24 |   107 ||   131
  Block: Buckler           |     2 |    47 ||    49

Table legend: (Time is in decaauts)
 A = Elapsed time spent in this place.
 B = Non-inter-level travel time spent in this place.
 C = Inter-level travel time spent in this place.
 D = Time resting spent in this place.
 E = Time spent auto-exploring this place.
 F = Levels seen in this place.
 G = Mean time per level.
                   A        B        C        D        E       F      G
               +--------+--------+--------+--------+--------+-----+--------+
         Total |   2951 |   2828 |    123 |     72 |   2085 |   4 |  737.8 |
       Dungeon |   2951 |   2828 |    123 |     72 |   2085 |   4 |  737.8 |
               +--------+--------+--------+--------+--------+-----+--------+

Top non-repeatable levels by time:
     D:1: 1044 daAuts
     D:2: 871 daAuts
     D:3: 724 daAuts
     D:4: 311 daAuts
